Match 35961818
Unlisted

Match 35961818
End
Selects Italian Combined Arms Battlegroup
Selects Bersaglieri Squad
Bersaglieri Squad
Bersaglieri Squad
Selects Bersaglieri Bolster
Bersaglieri Squad
Construct Light Support Kompanie
Construct Mechanized Kompanie
Support Armor Elements
Pak 38 Mechanized Group
Marder III Tank Destroyer
Selects Breda Model 30 Light Machine Guns
StuG III D Assault Gun
Marder III Tank Destroyer
Marder III Tank Destroyer
Bersaglieri Squad
Marder III Tank Destroyer
Bersaglieri Squad
Selects Semovente da 75/18 Assault Gun
Selects Strafing Run
Selects Artillery Cover
StuG III D Assault Gun
Construct Panzerarmee Kommand
Walking Stuka Rocket Launcher
Marder III Tank Destroyer
Tungsten Core Ammunition
Marder III Tank Destroyer
Artillery Cover
Marder III Tank Destroyer
Panzerpioneer Squad
Assault Mechanized Group
Panzer III L Medium Tank
deadsadbadmad
๖ۣۜF1re
ARF Le Gendarme
Mystery
0
0

Comments sign in to comment!

No comments posted yet!